 Dungeon Crawl Stone Soup version 0.19.0-2-gae57169 (console) character file.

115 Morrissey the Charmwright (level 4, 0/30 HPs)
             Began as a High Elf Skald on Nov 6, 2016.
             Succumbed to an adder's poison
             ... on level 3 of the Dungeon.
             The game lasted 00:07:45 (2453 turns).

Morrissey the Charmwright (High Elf Skald)          Turns: 2453, Time: 00:07:46

Health: 0/30       AC:  3    Str: 10 (13) XL:     4   Next: 68%
Magic:  7/9        EV: 12    Int: 13 (16) God:
Gold:   109        SH:  0    Dex: 12 (15) Spells: 3 memorised, 2 levels left

rFire  . . .     SeeInvis .     a - +0 falchion
rCold  . . .     Gourm    .     b - +0 leather armour
rNeg   . . .     Faith    .     (no shield)
rPois  .         Spirit   .     (helmet restricted)
rElec  .         Reflect  .     (no cloak)
rCorr  .         Harm     .     (no gloves)
MR     .....                    (no boots)
Stlth  +.........               (no amulet)
                                (no ring)
                                p - ring of flight

@: lethally poisoned (0 -> -7), infused, flying
A: horns 1, deterioration 1, strong 1
a: no special abilities


You were on level 3 of the Dungeon.
You were not hungry.

You visited 1 branch of the dungeon, and saw 3 of its levels.

You collected 109 gold pieces.

Inventory:

Hand Weapons
 a - a +0 falchion (weapon)
Armour
 b - a +0 leather armour (worn)
Jewellery
 p - a ring of flight (left hand)
Wands
 w - a wand of flame (27/48)
Scrolls
 g - 2 scrolls of recharging {unknown}
 h - 2 scrolls of random uselessness {unknown}
 k - 2 scrolls of teleportation {unknown}
 n - a scroll of magic mapping {unknown}
 o - a scroll of amnesia {unknown}
 q - a scroll of identify {unknown}
 r - a scroll of blinking {unknown}
 u - 3 scrolls of remove curse {unknown}
Books
 c - a book of Battle

   Spells                             Type                      Level
   a - Infusion                       Charms                       1
   b - Shroud of Golubria             Charms/Translocation         2
   c - Song of Slaying                Charms                       2
   d - Spectral Weapon                Hexes/Charms                 3
   e - Regeneration                   Charms/Necromancy            3
Comestibles
 d - 2 bread rations
 j - 3 fruits
 m - 2 meat rations
 v - 10 chunks of flesh


   Skills:
 + Level 2.4 Fighting
 * Level 3.9 Long Blades
 + Level 1.4 Armour
 + Level 2.0 Dodging
 + Level 3.1 Spellcasting
 + Level 0.8 Hexes
 + Level 4.1 Charms


You had 2 spell levels left.
You knew the following spells:

 Your Spells              Type           Power        Failure   Level  Hunger
a - Infusion              Chrm           ##..         8%          1    #......
b - Spectral Weapon       Hex/Chrm       #.......     34%         3    ###....
c - Regeneration          Chrm/Necr      #.........   43%         3    ###....


Dungeon Overview and Level Annotations

Branches:
Dungeon (3/15)

Altars:
Xom


Innate Abilities, Weirdness & Mutations

You have a pair of small horns on your head.
Your body sometimes deteriorates upon taking damage.
Your muscles are strong. (Str +2)


Message History

The adder poisons you! The adder bites you.
* * * LOW HITPOINT WARNING * * *
You hit the adder!
You kill the adder!
Your Dodging skill increases to level 2!
* * * LOW HITPOINT WARNING * * *
You feel sick.
* * * LOW HITPOINT WARNING * * *
You feel sick.
You see here an adder corpse.
It was a potion of mutation.
You feel extremely strange.
You feel yourself wasting away.
You feel stronger. A pair of horns grows on your head!
It was a potion of flight.
You feel very buoyant.
You fly up into the air.
* * * LOW HITPOINT WARNING * * *
You feel sick.
There is a lethal amount of poison in your body!
Unknown command.
You die...

########(##############.#.....
... #.(.....# #...####
.....####).....#### #.###
..((...(()..(.....> #.#
.....######.#####.#####.#####
... ###....#####........<..# #
...................####+#
###....#.####.######
#......@..# #..#.#..#.#
#..#.##.# # #..#. #.. #. #.
##.. .. #.. ..


There were no monsters in sight!

Vanquished Creatures
  Jessica (D:2)
  3 adders
  2 worms (D:2)
  2 dart slugs
  A leopard gecko (D:1)
  2 ball pythons
  10 bats
  A giant cockroach (D:2)
  7 goblins
  4 hobgoblins
  4 jackals (D:1)
  3 frilled lizards
  9 kobolds
  4 rats
53 creatures vanquished.

Notes
Turn   | Place    | Note
-------+----------+-------------------------------------------
     0 | D:1      | Morrissey the High Elf Skald began the quest for the Orb.
     0 | D:1      | Reached XP level 1. HP: 14/14 MP: 4/4
   452 | D:1      | Reached XP level 2. HP: 16/19 MP: 3/6
   476 | D:1      | Reached skill level 1 in Armour
   899 | D:1      | Found a shimmering altar of Xom.
  1288 | D:1      | Reached XP level 3. HP: 20/24 MP: 7/7
  1360 | D:2      | Reached skill level 4 in Charms
  1534 | D:2      | HP: 1/25 [kobold/stone (2)]
  1837 | D:3      | Learned a level 3 spell: Spectral Weapon
  1841 | D:3      | Learned a level 3 spell: Regeneration
  1993 | D:2      | Reached XP level 4. HP: 15/30 MP: 9/9
  2259 | D:2      | Noticed Jessica
  2267 | D:2      | Killed Jessica
  2451 | D:3      | Gained mutation: Your body sometimes deteriorates upon taking damage. [potion of mutation]
  2451 | D:3      | Gained mutation: Your muscles are strong. (Str +2) [potion of mutation]
  2451 | D:3      | Gained mutation: You have a pair of small horns on your head. [potion of mutation]
  2452 | D:3      | HP: 1/30 [poisoned by an adder]
  2453 | D:3      | Succumbed to an adder's poison

Skill      XL: |  1  2  3  4 |
---------------+-------------+-----
Armour         | 1 |  1.4
Long Blades    | 3 |  3.9
Charms         | 4 |  4.1
Spellcasting   | 3 |  3.1
Dodging        | 2 |  2.0
Fighting       | |  2.4
Hexes          | |  0.8

Action                   |  1- 3 |  4- 6 || total
-------------------------+-------+-------++-------
Melee: Falchion          |   120 |    40 ||   160
 Cast: Infusion          |     7 |     3 ||    10
       Regeneration      |       |     1 ||     1
  Use: Potion            |       |     6 ||     6
 Stab: Sleeping          |     1 |       ||     1
  Eat: Chunk             |     3 |     1 ||     4
       Pizza             |       |     1 ||     1
Armor: Leather armour    |    57 |    17 ||    74
Dodge: Dodged            |   110 |    46 ||   156
       Rpst.: Falchion   |    32 |    17 ||    49
